 Dungeon Crawl Stone Soup version 0.29-a0-9-g022ca4c890 (webtiles) character file.

Game seed: 13233350256176349513

43283 bande the Cleaver (level 14, -1/86 HPs)
             Began as a Gargoyle Fighter on Jan 28, 2022.
             Was the Champion of Okawaru.
             Slain by a death yak (8 damage)
             ... on level 6 of the Lair of Beasts.
             The game lasted 00:44:33 (22335 turns).

bande the Cleaver (Gargoyle Fighter)               Turns: 22335, Time: 00:44:34

Health: -1/86      AC: 39    Str: 22    XL:     14   Next: 23%
Magic:  0/29       EV:  8    Int: 10    God:    Okawaru [******]
Gold:   1682       SH: 14    Dex: 13    Spells: 13/13 levels left

rFire   + . .      SeeInvis .   a - +1 war axe (flame)
rCold   . . .      Faith    .   G - +0 kite shield
rNeg    + + .      Spirit   +   H - +1 plate armour {rN+}
rPois   ∞          Reflect  .   r - +0 helmet
rElec   +          Harm     .   h - +0 cloak
rCorr   .          Rampage  .   b - +1 pair of gloves
Will    +....                   L - +0 pair of boots
Stlth   ..........              n - amulet of guardian spirit
HPRegen 0.24/turn               p - +4 ring of slaying
MPRegen 0.21/turn               w - ring "Xestranue" {rPois MP+9 Str+2}

@: mighty, heroic, flying
A: sickness immunity, AC +10, big wings, negative energy resistance 1,
electricity resistance, torment resistance 1, petrification resistance,
iridescent scales 1, fire resistance 1
a: Renounce Religion, Heroism, Finesse, Duel


You were on level 6 of the Lair of Beasts.
You worshipped Okawaru.
Okawaru was exalted by your worship.
You visited 3 branches of the dungeon, and saw 17 of its levels.

You collected 1682 gold pieces.

Inventory:

Hand Weapons
 a - a +1 war axe of flaming (weapon)
 m - a +0 war axe
Missiles
 k - 3 throwing nets (quivered)
Armour
 b - a +1 pair of gloves (worn)
 h - a +0 cloak (worn)
 r - a +0 helmet (worn)
 y - an orb of wrath
 G - a +0 kite shield (worn)
 H - a +1 plate armour of positive energy (worn)
 L - a +0 pair of boots (worn)
Jewellery
 i - a ring of see invisible
 n - an amulet of guardian spirit (around neck)
 p - a +4 ring of slaying (left hand)
 s - an amulet of the acrobat
 w - the ring "Xestranue" (right hand) {rPois MP+9 Str+2}
   (You found it on level 6 of the Dungeon)

   [ring of magical power]

   Str:       It affects your strength (+2).
   rPois:     It protects you from poison.
   MP:        It affects your magic capacity (+9).
 x - a ring of fire
 A - a ring of ice
 F - an amulet of faith
Wands
 j - a wand of acid (10)
 l - a wand of polymorph (6)
 B - a wand of digging (2)
 C - a wand of iceblast (13)
 M - a wand of flame (5)
 S - a wand of mindburst (20)
Scrolls
 c - 2 scrolls of fear
 e - 2 scrolls of magic mapping
 o - 12 scrolls of teleportation
 D - 2 scrolls of amnesia
 I - a scroll of blinking
 O - 2 scrolls of enchant weapon
 P - a scroll of holy word
 Q - 4 scrolls of identify
Potions
 d - 2 potions of might
 g - 6 potions of curing
 q - a potion of brilliance
 t - 3 potions of mutation
 u - 3 potions of invisibility
 v - 3 potions of haste
 z - a potion of cancellation
 E - 4 potions of flight
 J - a potion of resistance
 R - a potion of berserk rage
Miscellaneous
 K - a lightning rod (4/4)
 N - a phial of floods


   Skills:
 + Level 9.2(14.2) Fighting
 + Level 13.5(18.5) Axes
 + Level 11.8(16.8) Armour
 + Level 11.6(16.6) Shields
 * Level 8.0 Invocations
 * Level 8.3 Evocations


You had 13 spell levels left.
You didn't know any spells.
Your spell library contained the following spells:

 Spells                   Type           Power      Damage    Failure   Level
 Beastly Appendage        Tmut           0%         N/A       99%         1
 Magic Dart               Conj           0%         1d3       99%         1
 Searing Ray              Conj           0%         2d4       100%        2
 Wereblood                Tmut           0%         N/A       100%        2
 Spider Form              Tmut/Pois      0%         N/A       100%        3
 Cause Fear               Hex            0%         N/A       100%        4
 Fulminant Prism          Conj/Hex       0%         3d6       100%        4
 Blade Hands              Tmut           0%         N/A       100%        5
 Fireball                 Conj/Fire      0%         3d3       100%        5
 Irradiate                Conj/Tmut      0%         3d14      100%        5
 Starburst                Conj/Fire      0%         6d3       100%        6
 Dragon Form              Tmut           0%         N/A       100%        7
 Ignition                 Fire           0%         3d3       100%        8
 Dragon's Call            Summ           Unusable   N/A       N/A         9

Dungeon Overview and Level Annotations

Branches:
Dungeon (10/15)            Temple (1/1) D:7            Lair (6/6) D:10
  Swamp (0/4) Lair:3        Snake (0/4) Lair:3        Slime (0/5) Lair:6
    Orc (0/2) D:9

Altars:
Ashenzari
Cheibriados
Dithmenos
Elyvilon
Fedhas
Gozag
Hepliaklqana
Kikubaaqudgha
Makhleb
Nemelex Xobeh
Okawaru
Qazlal
Ru
Sif Muna
Trog
Uskayaw
Vehumet
Wu Jian
Xom
Yredelemnul
Zin
The Shining One
Beogh

Shops:
D:4 [


Innate Abilities, Weirdness & Mutations

You are immune to sickness and miasma.
Your stone body is resilient. (AC +10)
You are immune to poison.
Your large and strong wings let you fly.
You resist negative energy. (rN+)
You are resistant to electric shocks. (rElec)
You are resistant to unholy torment.
You are immune to petrification.
You are partially covered in iridescent scales. (AC +2)
Your flesh is heat resistant. (rF+)


Message History

The catoblepas breathes a plume of calcifying dust at you.
The blast of calcifying dust hits you but does no damage.
You block the death yak's attack.
The death yak gores you but does no damage.
Unknown command.
You slash the catoblepas! You burn the catoblepas.
The catoblepas is moderately wounded.
You hit the death yak. You burn the death yak. You hit the death yak.
You burn the death yak. You slash the death yak! You burn the death yak.
The death yak gores you but does no damage.
The catoblepas gores you.
* * * LOW HITPOINT WARNING * * *
Unknown command.
You slice the catoblepas!! You burn the catoblepas.
The catoblepas is heavily wounded.
You barely miss the death yak. You hit the death yak. You burn the death yak.
You slash the death yak! You burn the death yak.
You block the death yak's attack. The death yak barely misses you.
The death yak gores you but does no damage.
The catoblepas gores you but does no damage.
You slice the catoblepas!! You burn the catoblepas!
You kill the catoblepas!
Okawaru accepts your kill.
You hit the death yak. You burn the death yak. You slash the death yak!
You burn the death yak.
You kill the death yak!
Okawaru accepts your kill.
You hit the death yak. You burn the death yak.
You block the death yak's attack. The death yak gores you!
* * * LOW HITPOINT WARNING * * *
You barely miss the death yak.
The death yak is heavily wounded.
You slash the death yak! You burn the death yak.
The death yak barely misses you. You block the death yak's attack.
Unknown command.
You slice the death yak!! You burn the death yak.
The death yak is almost dead.
You slash the death yak! You burn the death yak.
The death yak closely misses you. The death yak gores you!
You die...

.#
##....#
#..÷.#
##...#
#...#
##..#
#..##
#...#
#♣..#
#.@Y#
#Y..#
##..##
#..##
#.##
#.÷...#
##..P.P
.....P.#
####...##


You could see 2 death yaks.

Vanquished Creatures
  4 hydras
  A catoblepas (Lair:6)
  The ghost of Clumpoid the Blocker, a novice GnFi (D:7)
  The ghost of AlmostDecent the Blocker, a novice GnFi of Okawaru (D:7)
  2 death yaks (Lair:6)
  A bog body (Lair:3)
  The ghost of BubbleThief the Reanimator, a novice DsNe (D:8)
  Pikel (D:6)
  7 elephants
  Joseph (D:8)
  7 black mambas
  12 cane toads
  A gargoyle (D:10)
  2 rime drakes
  Maggie (D:10)
  8 komodo dragons
  A polar bear (Lair:6)
  A troll (D:6)
  2 hornets
  8 blink frogs (Lair:2)
  Grum (D:10)
  2 wyverns
  2 wraiths
  A shadow (D:10)
  Eustachio (D:6)
  3 basilisks
  47 yaks
  2 steam dragons
  3 wargs (D:10)
  26 water moccasins
  2 sky beasts
  3 ice beasts
  A necrophage (D:5)
  9 orc warriors
  6 black bears
  2 ogres
  22 wolves
  9 centaurs
  3 lemures (D:6)
  4 phantoms
  11 bullfrogs
  3 scorpions
  A gnoll sergeant (D:9)
  A water moccasin zombie (D:4)
  41 killer bees
  10 wights
  2 howler monkeys
  6 electric eels
  A centaur zombie (D:9)
  3 hounds
  5 jellies
  A centaur skeleton (D:4)
  A gnoll shaman (D:8)
  9 orc priests
  6 iguanas
  3 scorpion zombies (D:4)
  Natasha (thrice) (D:2)
  13 orc wizards
  2 hound zombies (D:4)
  4 hound skeletons
  3 howler monkey zombies
  13 gnolls
  A howler monkey skeleton (D:5)
  4 adders
  A shadow imp (D:7)
  3 white imps
  2 adder skeletons
  2 adder zombies (D:4)
  2 worms
  A dart slug (D:2)
  45 orcs
  9 bats
  7 endoplasms
  6 giant cockroaches
  4 goblins
  5 hobgoblins
  4 jackals (D:1)
  4 quokkas
  7 ball pythons
  3 frilled lizards
  A jackal skeleton (D:4)
  4 kobolds
  3 rats
472 creatures vanquished.

Vanquished Creatures (others)
  21 fungi
  61 plants
  10 withered plants
92 creatures vanquished.

Grand Total: 564 creatures vanquished

Notes
Turn   | Place    | Note
-------+----------+-------------------------------------------
     0 | D:1      | bande the Gargoyle Fighter began the quest for the Orb.
     0 | D:1      | Reached XP level 1. HP: 14/14 MP: 1/1
    24 | D:1      | Reached XP level 2. HP: 1/19 MP: 2/2
    25 | D:1      | Reached skill level 2 in Axes
  1067 | D:1      | Reached XP level 3. HP: 22/23 MP: 3/3
  1183 | D:2      | Noticed Natasha
  1196 | D:2      | Killed Natasha
  1682 | D:2      | Reached XP level 4. HP: 25/28 MP: 4/4
  1848 | D:2      | Found Pampoz's Assorted Antiques.
  1867 | D:2      | Found a faded altar of an unknown god.
  1885 | D:2      | Noticed Natasha
  1897 | D:2      | Killed Natasha
  1898 | D:2      | Reached skill level 3 in Axes
  2063 | D:2      | Noticed Natasha
  2076 | D:2      | Killed Natasha
  2077 | D:2      | Reached XP level 5. HP: 21/33 MP: 5/5
  3001 | D:3      | You fall into a shaft and drop 1 floor!
  3019 | D:4      | Reached skill level 1 in Evocations
  3028 | D:4      | Found Lorruisy's Antique Armour Shop.
  3038 | D:4      | Reached skill level 4 in Axes
  3038 | D:4      | Reached XP level 6. HP: 4/38 MP: 1/6
  3380 | D:4      | Noticed a black bear
  3397 | D:4      | Killed a black bear
  3502 | D:4      | Reached XP level 7. HP: 12/43 MP: 5/7
  3900 | D:4      | Reached skill level 5 in Axes
  4303 | D:4      | Reached XP level 8. HP: 47/48 MP: 8/8
  4326 | D:4      | Reached skill level 6 in Axes
  4614 | D:4      | Noticed a wyvern
  4621 | D:4      | Killed a wyvern
  4622 | D:4      | Reached skill level 5 in Armour
  5188 | D:5      | Entered Level 5 of the Dungeon
  5364 | D:5      | Reached skill level 5 in Fighting
  5514 | D:5      | Gained mutation: You are partially covered in iridescent
                  | scales. (AC +2) [potion of mutation]
  5514 | D:5      | Gained mutation: Your flesh is heat resistant. (rF+)
                  | [potion of mutation]
  5527 | D:5      | Reached skill level 9 in Axes
  5527 | D:5      | Reached XP level 9. HP: 54/54 MP: 9/9
  5665 | D:5      | Reached XP level 10. HP: 59/59 MP: 10/10
  6579 | D:6      | Identified the ring "Xestranue" {rPois MP+9 Str+2}
  6973 | D:6      | Noticed Pikel
  7033 | D:6      | Killed Pikel
  7170 | D:6      | Noticed Eustachio
  7194 | D:6      | Reached skill level 10 in Axes
  7198 | D:6      | Killed Eustachio
  7776 | D:7      | Found a shimmering altar of Xom.
  7906 | D:7      | Found a staircase to the Ecumenical Temple.
  7929 | Temple   | Entered the Ecumenical Temple
  8679 | D:7      | Found an iron altar of Okawaru.
  8688 | D:7      | Found a glowing silver altar of Zin.
  8934 | D:7      | Became a worshipper of Warmaster Okawaru
  9236 | D:8      | Found a runed translucent gate.
  9236 | D:8      | Found a runed translucent gate.
  9236 | D:8      | Found a runed translucent gate.
  9236 | D:8      | Noticed AlmostDecent's ghost (novice GnFi)
  9236 | D:8      | Noticed Clumpoid's ghost (novice GnFi)
  9460 | D:8      | Noticed Joseph
  9475 | D:8      | Killed Joseph
  9476 | D:8      | Reached skill level 1 in Invocations
  9736 | D:8      | Noticed BubbleThief's ghost (novice DsNe)
  9829 | D:7      | Killed AlmostDecent's ghost
  9829 | D:7      | Reached * piety under Okawaru
  9830 | D:7      | Reached skill level 5 in Evocations
  9830 | D:7      | Reached XP level 11. HP: 41/64 MP: 12/12
  9976 | D:7      | Killed Clumpoid's ghost
 10239 | D:8      | Killed BubbleThief's ghost
 10240 | D:8      | Reached skill level 10 in Armour
 10451 | D:9      | Reached ** piety under Okawaru
 10833 | D:8      | Reached *** piety under Okawaru
 11132 | D:8      | Reached skill level 11 in Axes
 11704 | D:9      | Found a basalt altar of Yredelemnul.
 11729 | D:9      | Found a staircase to the Orcish Mines.
 12554 | D:9      | Reached **** piety under Okawaru
 12934 | D:10     | Entered Level 10 of the Dungeon
 13100 | D:10     | Noticed Maggie
 13102 | D:10     | Noticed Grum
 13114 | D:10     | Reached XP level 12. HP: 44/72 MP: 10/15
 13126 | D:10     | Killed Maggie
 13127 | D:10     | Killed Grum
 13129 | D:10     | Reached ***** piety under Okawaru
 13670 | D:10     | Found a staircase to the Lair.
 13686 | D:10     | Identified the +1 ring mail of Grace {rElec Regen+}
                  | (Okawaru gifted it to you on level 10 of the Dungeon)
 13686 | D:10     | Received a gift from Okawaru
 13687 | D:10     | Reached skill level 10 in Shields
 14515 | Lair:1   | Entered Level 1 of the Lair of Beasts
 14515 | Lair:1   | Noticed an eight-headed hydra
 14525 | Lair:1   | Killed a three-headed hydra
 14700 | Lair:1   | Reached skill level 5 in Invocations
 14742 | Lair:1   | Noticed a five-headed hydra
 14752 | Lair:1   | Killed a one-headed hydra
 15586 | Lair:1   | Reached skill level 12 in Axes
 15851 | Lair:2   | Identified the +7 flail of the Inferno {freeze, rPois Int+4
                  | Dex-4}
 16122 | Lair:2   | Found a bloodstained altar of Trog.
 16261 | Lair:2   | Reached XP level 13. HP: 70/78 MP: 17/17
 16643 | Lair:2   | Received a gift from Okawaru
 17256 | Lair:3   | Found a staircase to the Swamp.
 18040 | Lair:3   | Found a staircase to the Snake Pit.
 18236 | Lair:3   | Received a gift from Okawaru
 19207 | Lair:4   | Reached skill level 13 in Axes
 19937 | Lair:5   | Identified a scroll of acquirement
 19937 | Lair:5   | Acquired 820 gold pieces
 20919 | Lair:6   | Entered Level 6 of the Lair of Beasts
 21080 | Lair:6   | Gained mutation: Your large and strong wings let you fly.
                  | [Gargoyle growth]
 21080 | Lair:6   | Reached XP level 14. HP: 67/86 MP: 19/19
 21550 | Lair:6   | Reached ****** piety under Okawaru
 21571 | Lair:6   | Found a staircase to the Slime Pits.
 21776 | Lair:6   | Identified the +4 scale mail "Gaithyil" {MP+9} (Okawaru
                  | gifted it to you on level 6 of the Lair of Beasts)
 21776 | Lair:6   | Received a gift from Okawaru
 22335 | Lair:6   | Slain by a death yak

Illustrated notes

Levels and vault maps discovered:
D:1:      erik_arrival_blinker_ship, layout_rooms, minmay_misc_feat_x
D:2:      layout_rooms, serial_shops, nicolae_shop_trees,
          chequers_ecumenical_altar_twisty, minmay_worlds_worst_comb,
          uniq_natasha
D:3:      layout_basic, minmay_misc_feat_hallway
D:4:      layout_basic, serial_undead, serial_undead_f, serial_undead_f,
          serial_undead_a, serial_undead_f, serial_shops, shop
D:5:      layout_basic
D:6:      layout_layer_cave, uniq_pikel, uniq_eustachio
D:7:      layout_loops_ring, mainiacjoe_overflow_swirl,
          nicolae_overflow_hidden_temple, temple_pool_b
D:8:      layout_loops_ring, gammafunk_ghost_cemetery,
          nicolae_elevator_lobby_plus, uniq_joseph
D:9:      wad_woods_minihive, layout_rooms, general_overflow_altar, david_orc_5,
          grunt_decor_clamped
D:10:     layout_basic, erik_lair_orcish_takeover, uniq_maggie, uniq_grum
Temple:   mainiacjoe_temple_coin_purse
Lair:1:   layout_cave_shapes, grunt_forest_small_clearing_treed,
          lemuel_fruit_tree
Lair:2:   layout_small_grid, lemuel_centaur_altar, serial_bayou_shore_a,
          infiniplex_staircase_pool_2, grunt_megastairs_5
Lair:3:   layout_chaotic_city, skrybe_swamp_entry_bodies,
          minmay_snake_entry_six_corridors, grunt_megastairs_2
Lair:4:   layout_cave_shapes, serial_bayou_lagoon_b, infiniplex_staircase_pool
Lair:5:   layout_layer_cave
Lair:6:   grunt_lair_end_beastmaster, layout_regular_city,
          nicolae_slime_entry_slimehenge

Skill      XL: |  1  2  3  4  5  6  7  8  9 10 11 12 13 14 |
---------------+-------------------------------------------+-----
Axes           | 2 3 4 5 9 10 11 12 13 | 13.5
Shields        | 4 8 9 10 11 | 11.6
Armour         | 4 9 10 11 | 11.8
Evocations     | 1 2 3 5 7 8 |  8.3
Fighting       | 4 5 6 7 8 9 |  9.2
Invocations    | 1 4 6 7 8 |  8.0

Action                   |  1- 3 |  4- 6 |  7- 9 | 10-12 | 13-15 || total
-------------------------+-------+-------+-------+-------+-------++-------
Melee: War axe           |    85 |   163 |   198 |   885 |   440 ||  1771
Invok: Heroism           |       |       |       |     1 |     1 ||     2
  Use: Scroll            |       |     5 |     5 |    11 |     5 ||    26
       Potion            |       |     1 |     2 |     2 |     2 ||     7
Armor: Scale mail        |    88 |    91 |       |       |       ||   179
       Chain mail        |       |    64 |   154 |   153 |       ||   371
       Plate armour      |       |       |       |   609 |   376 ||   985
       Skin              |       |       |       |     3 |       ||     3
Dodge: Dodged            |    70 |    96 |    91 |   246 |   114 ||   617
Block: Buckler           |    32 |    49 |    57 |   185 |       ||   323
       Kite shield       |       |       |       |   254 |   313 ||   567

Table legend: (Time is in decaauts)
 A = Elapsed time spent in this place.
 B = Non-inter-level travel time spent in this place.
 C = Inter-level travel time spent in this place.
 D = Time resting spent in this place.
 E = Time spent auto-exploring this place.
 F = Levels seen in this place.
 G = Mean time per level.
                   A        B        C        D        E       F      G
               +--------+--------+--------+--------+--------+-----+--------+
         Total |  22618 |  22160 |    458 |   6868 |  10751 |  17 | 1330.5 |
       Dungeon |  14610 |  14207 |    403 |   4885 |   6280 |  10 | 1461.0 |
        Temple |    112 |     99 |     13 |      0 |     86 |   1 |  112.0 |
          Lair |   7895 |   7854 |     41 |   1983 |   4385 |   6 | 1315.8 |
               +--------+--------+--------+--------+--------+-----+--------+

Top non-repeatable levels by time:
     D:8: 2449 daAuts
     D:4: 2090 daAuts
  Lair:3: 1847 daAuts
     D:6: 1643 daAuts
     D:1: 1619 daAuts
    D:10: 1583 daAuts
  Lair:2: 1512 daAuts
     D:7: 1497 daAuts
  Lair:6: 1399 daAuts
     D:9: 1147 daAuts
  Lair:5: 1126 daAuts
  Lair:1: 1006 daAuts
  Lair:4: 1003 daAuts
     D:5: 961 daAuts
     D:2: 841 daAuts
